 Dungeon Crawl Stone Soup version 0.31-a0-221-gbddc013574 (webtiles) character file.

Game seed: 7388132931452888148

37 qw the Shooter (level 3, -2/29 HPs)
             Began as a Minotaur Hexslinger on July 3, 2023.
             Slain by a gnoll
             ... wielding a +0 club
              (4 damage)
             ... on level 2 of the Dungeon.
             The game lasted 00:00:24 (1312 turns).

qw the Shooter (Minotaur Hexslinger)                Turns: 1312, Time: 00:00:25

Health: -2/29      AC:  2    Str: 12    XL:     3   Next: 21%
Magic:  3/3        EV: 17    Int: 10    God:
Gold:   143        SH:  0    Dex: 14    Spells: 3/4 levels left

rFire   + . .        Y - +1 sling
rCold   . . .        (no shield)
rNeg    . . .        c - +0 robe
rPois   .            (helmet restricted)
rElec   .            (no cloak)
rCorr   .            (no gloves)
SInv    .            (no boots)
Will    .....        (no amulet)
Stlth   +            i - +5 ring of evasion
HPRegen 0.24/turn    j - ring of protection from fire
MPRegen 0.08/turn

%: no passive effects
@: no status effects
A: horns 2, retaliatory headbutt
a: no special abilities


You were on level 2 of the Dungeon.
You visited 1 branch of the dungeon, and saw 2 of its levels.

You collected 143 gold pieces.


Innate Abilities, Weirdness & Mutations

You have a pair of horns on your head.
You reflexively headbutt those who attack you in melee.


   Skills:
 - Level 2.0 Fighting
 + Level 3.8 Ranged Weapons
 - Level 2.1 Dodging
 - Level 1.0 Spellcasting
 - Level 2.0 Hexes


You had 3 spell levels left.
You knew the following spells:

 Your Spells              Type           Power      Damage    Failure   Level
a - Slow                  Hex            16%        N/A       16%         1

Your spell library contained the following spells:

 Spells                   Type           Power      Damage    Failure   Level
 Inner Flame              Hex/Fire       2%         N/A       56%         3
 Portal Projectile        Hex/Tloc       4%         N/A       56%         3
 Cause Fear               Hex            2%         N/A       83%         4

Inventory:

Hand Weapons
 Y - a +1 sling (weapon)
Armour
 a - a +0 leather armour
 c - a +0 robe (worn)
Jewellery
 i - a +5 ring of evasion (left hand)
 j - a ring of protection from fire (right hand)
Scrolls
 e - a scroll of identify
Potions
 b - a potion of heal wounds {unknown}
 f - a potion of curing

Dungeon Overview and Level Annotations

Branches:
Dungeon (2/15)

Altars:


Message History

The gnoll shouts!
The sling bullet hits the gnoll but does no damage.
The gnoll hits you with a +0 club.
You shoot a sling bullet. The sling bullet hits the gnoll.
The gnoll is moderately wounded.
The gnoll hits you with a +0 club!
A ball python comes into view.
You shoot a sling bullet.
The sling bullet closely misses the gnoll.
The ball python hisses angrily.
The gnoll throws a throwing net.
The throwing net hits you.
You become entangled in the net!
You struggle against the net.
The gnoll barely misses you.
A giant cockroach comes into view.
You struggle against the net.
The gnoll closely misses you. The gnoll barely misses you.
You rip the net and break free!
The gnoll closely misses you. You furiously retaliate!
You headbutt the gnoll, but do no damage.
The gnoll hits you with a +0 club.
You shoot a sling bullet.
The sling bullet closely misses the gnoll.
The sling bullet hits the ball python.
The ball python is heavily wounded.
The gnoll closely misses you. The gnoll hits you with a +0 club.
You shoot a sling bullet.
The sling bullet closely misses the gnoll.
The sling bullet barely misses the ball python.
The sling bullet hits the giant cockroach.
You kill the giant cockroach!
The gnoll closely misses you. The gnoll misses you. x2
You shoot a sling bullet.
The sling bullet hits the gnoll but does no damage.
The gnoll is moderately wounded.
The gnoll hits you with a +0 club. The gnoll closely misses you.
You shoot a sling bullet. The sling bullet hits the gnoll.
The gnoll is heavily wounded.
The gnoll hits you with a +0 club.
You die...

... #############
...#####.......#...#
.......#.......#...#####
#.....#.......#.......#
.#.....#.......#.......#
..>....+.......#.......#
#..$.g#g......##......#
#..%Sg@.......''.......
#.#######.#...##...##..
#......###########..
+............ ##..
#............ #...
+............ #...
#............ #...
#............ #.##
######....... #.


You could see 3 gnolls and a ball python.

Vanquished Creatures
  A gnoll (D:1)
  2 ball pythons (D:1)
  4 bats
  An endoplasm (D:1)
  3 giant cockroaches
  2 hobgoblins (D:1)
  3 quokkas (D:1)
  2 frilled lizards
  3 goblins (D:1)
  2 kobolds (D:1)
  3 rats (D:1)
26 creatures vanquished.

Notes
Turn   | Place    | Note
-------+----------+-------------------------------------------
     0 | D:1      | qw the Minotaur Hexslinger began the quest for the Orb.
     0 | D:1      | Reached XP level 1. HP: 16/16 MP: 1/1
     0 | D:1      | 0 ||| qw: Version: 0.3-a-40-ge99b1a8
     0 | D:1      | 0 ||| qw: Game counter: 527
     0 | D:1      | 0 ||| qw: Melee chars always use a shield: true
     0 | D:1      | 0 ||| qw: God list: Okawaru
     0 | D:1      | 0 ||| qw: Allow faded altars: false
     0 | D:1      | 0 ||| qw: Do Orc after clearing Dungeon:15 true
     0 | D:1      | 0 ||| qw: Do second Lair branch before Depths: true
     0 | D:1      | 0 ||| qw: Lair rune preference: random
     0 | D:1      | 0 ||| qw: Goals: Normal
     0 | D:1      | 0 ||| PLANNING D:1-11
    18 | D:1      | Reached skill level 3 in Ranged Weapons
    18 | D:1      | Reached XP level 2. HP: 23/23 MP: 2/2
   600 | D:1      | Reached XP level 3. HP: 16/29 MP: 3/3
   840 | D:1      | Found a faded altar of an unknown god.
  1031 | D:1      | 1031 ||| UPGRADING to +5 ring of evasion.
  1032 | D:1      | 1032 ||| UPGRADING to ring of protection from fire.
  1033 | D:1      | 1033 ||| READING scroll labelled PONGIV PIFE.
  1084 | D:1      | 1084 ||| READING 4 scrolls labelled HUANASMOGON.
  1085 | D:1      | 1085 ||| READING scroll labelled OSIOQICWI WOSTURA.
  1086 | D:1      | 1086 ||| READING scroll labelled GAH ZO ETZUS.
  1091 | D:1      | 1091 ||| READING scroll labelled CAQ KYDDOFOPO.
  1092 | D:1      | 1092 ||| READING 3 scrolls of identify.
  1092 | D:1      | 1092 ||| IDENTIFYING fuming yellow potion
  1093 | D:1      | 1093 ||| READING 2 scrolls of identify.
  1093 | D:1      | 1093 ||| IDENTIFYING grey potion
  1094 | D:1      | 1094 ||| DROPPING scroll of poison.
  1095 | D:1      | 1095 ||| DROPPING potion of lignification.
  1309 | D:2      | HP: 7/29 [gnoll/+0 club (4)]
  1311 | D:2      | HP: 2/29 [gnoll/+0 club (6)]
  1312 | D:2      | Slain by a gnoll

Levels and vault maps discovered:
D:1:      ldierk_walled_garden_2, layout_loops_corners,
          shapermc_ecumenical_altar_mp_vishouse, minmay_misc_feat_tiny
D:2:      layout_basic

Skill      XL: |  1  2 |
---------------+-------+-----
Ranged Weapons | 3 |  3.8
Fighting       | 2 |  2.0
Dodging        | |  2.1
Spellcasting   | |  1.0
Hexes          | |  2.0

Action                     || total
---------------------------++-------
   Fire: Sling             ||    76
    Use: Scroll            ||     7
 Armour: Robe              ||     4
  Dodge: Dodged            ||    23

Table legend:
 A = Non-vault XP
 B = Vault XP
 C = Vault XP percentage of total XP
 D = Non-vault monster count
 E = Vault monster count
 F = Vault count percentage of total count
                 A         B        C        D         E       F
            +---------+---------+-------+---------+---------+-------
      Total |      53 |       0 |   0.0 |      26 |       0 |   0.0
            +---------+---------+-------+---------+---------+-------
        D:1 |      47 |       0 |   0.0 |      22 |       0 |   0.0
        D:2 |       6 |       0 |   0.0 |       4 |       0 |   0.0
            +---------+---------+-------+---------+---------+-------
